[Event "Titled Tuesday Blitz November 07 Early 2023"]
[White "elprimo2012mortis"]
[Black "Kislinsky, Alexey"]
[BlackFideId "14108801"]
[WhiteElo "2787"]
[BlackElo "2646"]
[Result "0-1"]
[Round "7"]
[TimeControl "180+1"]
[Date "2023.11.07"]
[WhiteClock "0:00:04"]
[BlackClock "0:00:46"]
[Board "49"]

1. e4 c5 2. Nf3 Nc6 3. Bb5 Nf6 4. e5 Nd5 5. Nc3 Nc7 6. Bxc6 dxc6 7. d3 h6 8. Be3 b6 9. Qd2 Bf5 10. O-O-O Nd5 11. Nxd5 cxd5 12. Nh4 Bh7 13. e6 d4 14. exf7+ Kxf7 15. Bf4 Qd5 16. Qe2 Qxa2 17. Qf3 Rc8 18. b3 Qa1+ 19. Kd2 Qc3+ 20. Ke2 Qxc2+ 21. Rd2 Qxb3 22. Re1 Kg8 23. Kf1 Qf7 24. Qg4 Re8 25. Qg3 e6 26. Rde2 Bf5 27. Kg1 Kh7 28. Be5 Rg8 29. Nf3 g5 30. Ra2 Bg7 31. Rea1 a5 32. Rb2 Bxe5 33. Nxe5 Qc7 34. Rab1 Rb8 35. f4 gxf4 36. Qxf4 Rg4 37. Qxg4 Bxg4 38. Nxg4 b5 39. Nf6+ Kh8 40. Ne4 b4 41. Rc2 Qf4 42. Rf1 Qe3+ 43. Kh1 Qxd3 44. Rcf2 Qxe4 45. h4 Qxh4+ 46. Kg1 Qxf2+ 47. Rxf2 b3 48. g3 b2 49. g4 b1=Q+ 50. Kg2 Rb2 51. g5 Rxf2+ 52. Kg3 Qf5 53. g6 Rf3+ 54. Kg2 Qh3+ 55. Kg1 Rf1# 0-1


[Site "https://www.chess.com"]

[Event "Titled Tuesday Blitz November 07 Early 2023"]
[White "Asavasaetakul, Chawit"]
[Black "Weetik, Vjacheslav"]
[WhiteFideId "6204856"]
[BlackFideId "4153472"]
[WhiteElo "2644"]
[BlackElo "2778"]
[Result "1-0"]
[Round "7"]
[TimeControl "180+1"]
[Date "2023.11.07"]
[WhiteClock "0:00:37"]
[BlackClock "0:01:00"]
[Board "50"]

1. e4 c6 2. d4 d5 3. Nd2 dxe4 4. Nxe4 Nf6 5. Nxf6+ exf6 6. c3 Bd6 7. Bd3 O-O 8. Ne2 Re8 9. O-O Nd7 10. Bf4 Nf8 11. Qd2 Ng6 12. Bxd6 Qxd6 13. Rfe1 Be6 14. Bxg6 hxg6 15. Nf4 Bc4 16. b3 Ba6 17. c4 Rxe1+ 18. Rxe1 Rd8 19. h4 b5 20. c5 Qf8 21. b4 Bc8 22. Qe3 Bd7 23. d5 g5 24. hxg5 fxg5 25. Nd3 cxd5 26. Qxg5 d4 27. Qe5 Be6 28. c6 Bc4 29. Nc5 d3 30. c7 Rc8 31. Nd7 Qxb4 32. Qe8+ Rxe8 33. Rxe8+ Kh7 34. c8=Q d2 35. Rh8+ Kg6 36. Ne5+ Kf6 37. Ng4+ Kg5 38. Rh5+ Kxh5 39. Qf5+ Kh4 40. g3+ Kh3 41. Qh5# 1-0


[Site "https://www.chess.com"]

[Event "Titled Tuesday Blitz November 07 Early 2023"]
[White "Sattarov, Bobir"]
[Black "Kvaloy, Aksel Bu"]
[WhiteFideId "14203081"]
[BlackFideId "1528815"]
[WhiteElo "2771"]
[BlackElo "2632"]
[Result "1-0"]
[Round "7"]
[TimeControl "180+1"]
[Date "2023.11.07"]
[WhiteClock "0:00:36"]
[BlackClock "0:00:03"]
[Board "51"]

1. e4 e5 2. Nf3 Nf6 3. Nc3 Bc5 4. Bc4 d6 5. d3 Bg4 6. h3 Bh5 7. g4 Bg6 8. Be3 Bxe3 9. fxe3 h6 10. Qe2 Nbd7 11. Rf1 c6 12. a3 Qe7 13. Qf2 O-O-O 14. O-O-O Nh7 15. Nh4 Rhf8 16. Nf5 Bxf5 17. gxf5 g5 18. Rg1 Nhf6 19. Ba2 Kb8 20. Qf3 Rg8 21. Ne2 Nb6 22. Ng3 d5 23. exd5 cxd5 24. Nh5 Nxh5 25. Qxh5 Qf6 26. Rdf1 Rc8 27. Bb3 Rgd8 28. h4 gxh4 29. Rg4 Nd7 30. Bxd5 Nc5 31. Qxf7 Nxd3+ 32. Kb1 Qxf7 33. Bxf7 Nc5 34. Rxh4 Rf8 35. Bd5 Rf6 36. e4 Rcf8 37. Rg1 b6 38. Rg7 Rd8 39. Rg6 Rdf8 40. Rhxh6 Nd7 41. Be6 Rxg6 42. fxg6 Nf6 43. g7 Re8 44. Rxf6 1-0


[Site "https://www.chess.com"]

[Event "Titled Tuesday Blitz November 07 Early 2023"]
[White "Kononenko, Dmitry"]
[Black "Mindlin, Alon"]
[WhiteFideId "14113538"]
[BlackFideId "2800071"]
[WhiteElo "2611"]
[BlackElo "2751"]
[Result "0-1"]
[Round "7"]
[TimeControl "180+1"]
[Date "2023.11.07"]
[WhiteClock "0:01:37"]
[BlackClock "0:01:40"]
[Board "52"]

1. d4 Nf6 2. c4 e6 3. g3 Bb4+ 4. Bd2 Qe7 5. Bg2 Nc6 6. Nf3 Bxd2+ 7. Nbxd2 d6 8. e4 O-O 9. O-O e5 10. d5 Nb8 11. Ne1 a5 12. Nd3 Na6 13. f4 Nd7 14. f5 f6 15. g4 Ndc5 16. Nf3 Bd7 17. Nxc5 Nxc5 18. Qe2 Rfb8 19. h4 b5 20. b3 bxc4 21. bxc4 c6 22. g5 cxd5 23. exd5 Bxf5 24. Nxe5 Bd3 25. Qg4 Bxf1 26. Rxf1 fxe5 27. h5 Rf8 28. Re1 Nd3 29. Re3 Qa7 30. Qe4 Nf2 0-1


[Site "https://www.chess.com"]

[Event "Titled Tuesday Blitz November 07 Early 2023"]
[White "Sydoryka, Vladyslav"]
[Black "Korchmar, Vasiliy"]
[WhiteFideId "14145928"]
[BlackFideId "24131750"]
[WhiteElo "2604"]
[BlackElo "2746"]
[Result "0-1"]
[Round "7"]
[TimeControl "180+1"]
[Date "2023.11.07"]
[WhiteClock "0:00:02"]
[BlackClock "0:00:01"]
[Board "53"]

1. c4 e6 2. g3 d5 3. Bg2 Nf6 4. Nf3 d4 5. e3 c5 6. exd4 cxd4 7. O-O Nc6 8. Re1 Bd6 9. Na3 O-O 10. d3 h6 11. Nc2 e5 12. b4 Nxb4 13. Nxb4 Bxb4 14. Rxe5 Bg4 15. Rb1 Bc3 16. Re4 Qd7 17. Re2 Qf5 18. Re7 Rfe8 19. Rbxb7 Rxe7 20. Rxe7 Rb8 21. Bf4 Rb2 22. h3 Bxh3 23. Bxh3 Qxh3 24. Re2 Rb7 25. c5 Nd5 26. Bd6 Qc8 27. Ne5 Bb4 28. Rb2 Bxc5 29. Rxb7 Bxd6 30. Rb5 Nc3 31. Qc2 Qe8 32. Ra5 Bxe5 33. Rxa7 Qb8 34. Ra4 Bxg3 35. Rxd4 Bh2+ 36. Kg2 Nb5 37. Rc4 Nd6 38. Rc6 Kh7 39. d4+ g6 40. Kxh2 Nf5+ 41. Kg2 Nxd4 42. Rc8 Qb7+ 43. Rc6 Nxc2 0-1


[Site "https://www.chess.com"]

[Event "Titled Tuesday Blitz November 07 Early 2023"]
[White "Timerkhanov, Alexander"]
[Black "Shapiro, Viktor"]
[WhiteFideId "24177938"]
[BlackFideId "4175700"]
[WhiteElo "2735"]
[BlackElo "2603"]
[Result "0-1"]
[Round "7"]
[TimeControl "180+1"]
[Date "2023.11.07"]
[WhiteClock "0:00:00"]
[BlackClock "0:00:16"]
[Board "54"]

1. d4 Nf6 2. Bg5 c5 3. d5 Qb6 4. Nc3 Qxb2 5. Bd2 Qb6 6. e4 d6 7. f4 g6 8. Nf3 Bg7 9. Bc4 O-O 10. Rb1 Qd8 11. O-O a6 12. a4 b5 13. axb5 axb5 14. Bxb5 Ba6 15. Bxa6 Nxa6 16. e5 dxe5 17. fxe5 Nxd5 18. Ne4 Qc7 19. Qe2 c4 20. e6 f5 21. Neg5 c3 22. Bc1 Nab4 23. Qf2 Rfb8 24. Qh4 h5 25. Nf7 Qc6 26. Bf4 Nxf4 27. Qxf4 Qxe6 28. N7g5 Qb6+ 29. Kh1 Bf6 30. Qc4+ e6 31. Nxe6 Rc8 32. Nc7+ Kg7 33. Nxa8 Rxc4 34. Nxb6 Re4 35. Rfe1 Nxc2 36. Rxe4 fxe4 37. Ne1 Ne3 38. Rc1 Bd4 39. Nc2 Nxc2 40. Rxc2 Bxb6 41. Rxc3 e3 42. Rc2 Bd4 43. Re2 Kf6 44. g3 Kf5 45. Kg2 Ke4 46. Ra2 g5 47. h3 g4 48. hxg4 hxg4 49. Ra8 Kd3 50. Re8 e2 0-1


[Site "https://www.chess.com"]

[Event "Titled Tuesday Blitz November 07 Early 2023"]
[White "Predator0608"]
[Black "Preotu, Razvan"]
[BlackFideId "2613280"]
[WhiteElo "2579"]
[BlackElo "2735"]
[Result "1-0"]
[Round "7"]
[TimeControl "180+1"]
[Date "2023.11.07"]
[WhiteClock "0:02:04"]
[BlackClock "0:00:00"]
[Board "55"]

1. e4 c5 2. Nf3 d6 3. d4 cxd4 4. Nxd4 Nf6 5. Nc3 a6 6. Be3 e5 7. Nf3 Be7 8. Nd2 b5 9. a4 b4 10. Nd5 Nxd5 11. exd5 O-O 12. a5 f5 13. Nc4 Nd7 14. Qd2 Rb8 15. Bd3 Nf6 16. Bb6 Qe8 17. O-O-O Nxd5 18. Nxd6 Qa4 19. Kb1 Nxb6 20. axb6 Rxb6 21. Bc4+ Kh8 22. Nf7+ Rxf7 23. Qd8+ Rf8 24. Qxb6 b3 25. Bxb3 Qg4 26. Qc7 Bf6 27. Qc5 Re8 28. Bf7 1-0


[Site "https://www.chess.com"]

[Event "Titled Tuesday Blitz November 07 Early 2023"]
[White "Roebers, Eline"]
[Black "Darini, Pouria"]
[WhiteFideId "1058401"]
[BlackFideId "12502200"]
[WhiteElo "2575"]
[BlackElo "2733"]
[Result "1-0"]
[Round "7"]
[TimeControl "180+1"]
[Date "2023.11.07"]
[WhiteClock "0:01:09"]
[BlackClock "0:00:02"]
[Board "56"]

1. e4 c5 2. Nf3 d6 3. d4 cxd4 4. Nxd4 Nf6 5. Nc3 a6 6. Rg1 h5 7. Bg5 Nc6 8. Qd2 Bd7 9. O-O-O b5 10. a3 Qb6 11. Bxf6 gxf6 12. Nd5 Qa7 13. Nxc6 Bxc6 14. Kb1 Bh6 15. Qc3 Rc8 16. Nxf6+ exf6 17. Qxf6 Bxe4 18. Bd3 Bxd3 19. Rge1+ Kd7 20. Qxf7+ 1-0


[Site "https://www.chess.com"]

[Event "Titled Tuesday Blitz November 07 Early 2023"]
[White "Kalogeris, Ioannis"]
[Black "Smirnov, Pavel"]
[WhiteFideId "4239563"]
[BlackFideId "4123425"]
[WhiteElo "2567"]
[BlackElo "2726"]
[Result "1-0"]
[Round "7"]
[TimeControl "180+1"]
[Date "2023.11.07"]
[WhiteClock "0:00:13"]
[BlackClock "0:00:01"]
[Board "57"]

1. e4 e5 2. Nf3 Nc6 3. Bb5 a6 4. Ba4 Nf6 5. d3 d6 6. Bxc6+ bxc6 7. Nbd2 Be7 8. Nc4 O-O 9. Na5 c5 10. b3 Qe8 11. h3 Kh8 12. Nh2 Ng8 13. g4 g6 14. Bb2 f5 15. Qe2 fxe4 16. dxe4 Bg5 17. Nf3 Bf4 18. Nd2 Qf7 19. O-O-O Nf6 20. Kb1 Bd7 21. Ndc4 Be6 22. f3 Rab8 23. h4 Kg8 24. a4 Nd7 25. Nc6 Bxc4 26. Qxc4 Qxc4 27. bxc4 Rb6 28. Ne7+ Kf7 29. Nd5 Rb7 30. Ka2 Rfb8 31. Bc3 Nb6 32. Nxb6 Rxb6 33. h5 g5 34. Rb1 Ke6 35. Ba5 Rxb1 36. Rxb1 Rxb1 37. Kxb1 c6 38. Kb2 d5 39. Kb3 Kd6 40. Bd8 Be3 41. Kc3 Bf4 42. Kd3 Bc1 43. Bf6 Bf4 44. Bg7 Kc7 45. a5 Kd6 46. Bf8+ Ke6 47. Bxc5 Bg3 48. Be3 h6 49. Bc5 Be1 50. Bf8 Bxa5 51. cxd5+ cxd5 52. exd5+ Kxd5 53. Bxh6 Ke6 54. Bxg5 Bb4 55. Bd2 Bf8 56. Ke4 Bg7 57. Bc3 Kd6 58. f4 1-0


[Site "https://www.chess.com"]

[Event "Titled Tuesday Blitz November 07 Early 2023"]
[White "De Silva, L M S T"]
[Black "Gavrilov, Maxim"]
[WhiteFideId "9953698"]
[BlackFideId "24271454"]
[WhiteElo "2717"]
[BlackElo "2567"]
[Result "1-0"]
[Round "7"]
[TimeControl "180+1"]
[Date "2023.11.07"]
[WhiteClock "0:00:49"]
[BlackClock "0:00:00"]
[Board "58"]

1. Nf3 d5 2. e3 Nf6 3. c4 c6 4. Nc3 e6 5. b3 Nbd7 6. Qc2 Bd6 7. Bb2 O-O 8. Be2 e5 9. cxd5 cxd5 10. Nb5 Bb8 11. Rc1 e4 12. Nfd4 Ne5 13. Nc7 Nd3+ 14. Bxd3 exd3 15. Qc5 Bxc7 16. Qxc7 Bd7 17. Qxd8 Rfxd8 18. Rc7 Bc6 19. Nxc6 bxc6 20. Bxf6 gxf6 21. Rxc6 Rac8 22. Rc3 d4 23. exd4 Re8+ 24. Kd1 Rxc3 25. dxc3 Re2 26. Re1 Rxa2 27. Re3 Rxf2 28. Rxd3 Kf8 29. Rd2 Rf1+ 30. Kc2 Ke7 31. c4 Kd6 32. Kc3 a5 33. d5 f5 34. g3 Rf3+ 35. Rd3 Rf2 36. h4 f4 37. Kd4 fxg3 38. c5+ Kd7 39. Rxg3 Rf4+ 40. Ke5 Rxh4 41. Rg7 Rh5+ 42. Kd4 Rh4+ 43. Kc3 Ke7 44. Rg8 Rh5 45. Kc4 Rh4+ 46. Kb5 Rh5 47. Kc6 Rh6+ 48. d6+ Ke6 49. Re8+ Kf5 50. Kc7 a4 51. bxa4 1-0


[Site "https://www.chess.com"]

[Event "Titled Tuesday Blitz November 07 Early 2023"]
[White "Kanyamarala, Trisha"]
[Black "Akhmedinov, Satbek"]
[WhiteFideId "45004722"]
[BlackFideId "13714287"]
[WhiteElo "2505"]
[BlackElo "2712"]
[Result "1-0"]
[Round "7"]
[TimeControl "180+1"]
[Date "2023.11.07"]
[WhiteClock "0:00:10"]
[BlackClock "0:00:32"]
[Board "59"]

1. c4 Nf6 2. Nc3 e5 3. Nf3 Nc6 4. g3 Bb4 5. Nd5 Bc5 6. Bg2 O-O 7. O-O e4 8. Ne1 Re8 9. d4 Bxd4 10. Nc2 Be5 11. Nce3 d6 12. Rb1 a5 13. b3 Be6 14. Ba3 Bxd5 15. Nxd5 Nb4 16. Bxb4 axb4 17. Qc2 Nxd5 18. cxd5 f5 19. Rfc1 Re7 20. Bh3 g6 21. f4 Bd4+ 22. Kh1 Ra3 23. Rd1 Bc3 24. g4 Rf7 25. e3 Qh4 26. Qg2 Kf8 27. Rg1 Rg7 28. Rbf1 Ke7 29. Rf2 c6 30. Qf1 cxd5 31. Rfg2 Qxh3 32. gxf5 Qf3 33. Qb5 Rxa2 34. Qxb7+ Kf6 35. Qc8 Qxg2+ 36. Rxg2 Ra1+ 37. Rg1 Rxg1+ 38. Kxg1 gxf5+ 39. Kf1 Rf7 40. Qd8+ Kg7 41. Qg5+ Kf8 42. Qd8+ Kg7 43. Qxd6 Rf6 44. Qxd5 Kh6 45. Qd8 Kh5 46. Qe8+ Kg4 47. Qg8+ Kf3 48. Qg3# 1-0


[Site "https://www.chess.com"]

[Event "Titled Tuesday Blitz November 07 Early 2023"]
[White "Hasangatin, Ramil"]
[Black "Bettalli, Francesco"]
[WhiteFideId "4122160"]
[BlackFideId "2816453"]
[WhiteElo "2709"]
[BlackElo "2534"]
[Result "0-1"]
[Round "7"]
[TimeControl "180+1"]
[Date "2023.11.07"]
[WhiteClock "0:00:00"]
[BlackClock "0:02:21"]
[Board "60"]

1. e4 g6 2. d4 d5 3. Nc3 dxe4 4. Nxe4 Bg7 5. Nf3 Bg4 6. c3 Nf6 7. Nxf6+ Bxf6 8. Bh6 Nd7 9. Be2 c6 10. Qb3 Qc7 11. h3 Be6 12. Qc2 Bf5 13. Qd2 O-O-O 14. O-O e5 15. Bg5 e4 16. Bxf6 Nxf6 17. Ne1 h5 18. Nc2 Ng4 19. hxg4 hxg4 20. g3 f6 21. Bxg4 Bxg4 22. f4 Bf3 23. Rxf3 exf3 24. Qf2 Qh7 25. Qxf3 Qh2+ 26. Kf1 Qxc2 0-1


[Site "https://www.chess.com"]

[Event "Titled Tuesday Blitz November 07 Early 2023"]
[White "NovozhilovSemen"]
[Black "ploxoi"]
[WhiteElo "2702"]
[BlackElo "2479"]
[Result "1-0"]
[Round "7"]
[TimeControl "180+1"]
[Date "2023.11.07"]
[WhiteClock "0:01:59"]
[BlackClock "0:00:02"]
[Board "61"]

1. d4 d5 2. c4 e6 3. Nf3 c6 4. Qc2 Nf6 5. Nbd2 Nbd7 6. g3 Be7 7. Bg2 O-O 8. O-O b6 9. e4 Bb7 10. e5 Ne8 11. cxd5 exd5 12. Re1 Nc7 13. Nf1 Ne6 14. Ne3 Rc8 15. Nf5 c5 16. Nxe7+ Qxe7 17. Bh3 Nxd4 18. Nxd4 cxd4 19. Qf5 Rcd8 20. Bg5 Qb4 21. e6 f6 22. e7 fxg5 23. Qe6+ Kh8 24. a3 Qc5 25. Rac1 Rde8 26. Rxc5 Nxc5 27. exf8=Q+ Rxf8 28. Qf7 1-0


[Site "https://www.chess.com"]

[Event "Titled Tuesday Blitz November 07 Early 2023"]
[White "Nagare Kaivalya Sandip"]
[Black "Soumya, Swaminathan"]
[WhiteFideId "25957929"]
[BlackFideId "5016193"]
[WhiteElo "2701"]
[BlackElo "2407"]
[Result "1-0"]
[Round "7"]
[TimeControl "180+1"]
[Date "2023.11.07"]
[WhiteClock "0:00:10"]
[BlackClock "0:00:00"]
[Board "62"]

1. e4 c5 2. Nf3 Nc6 3. d4 cxd4 4. Nxd4 Nf6 5. Nc3 d6 6. Bg5 e6 7. Qd2 a6 8. O-O-O Be7 9. Kb1 Bd7 10. f4 b5 11. Bxf6 gxf6 12. Nxc6 Bxc6 13. Bd3 Qb6 14. Rhe1 Ra7 15. f5 b4 16. Ne2 e5 17. Ng3 h5 18. h4 a5 19. Qe2 a4 20. Nxh5 a3 21. Bc4 axb2 22. g4 Qa5 23. g5 Qa3 24. gxf6 Bf8 25. Ng7+ Kd8 26. Bb3 Ba4 27. Qc4 Rxh4 28. Rh1 Rxe4 29. Qd5 Bxb3 30. Qxb3 Qxb3 31. axb3 Ra1+ 32. Kxb2 Rxd1 33. Rxd1 Rg4 34. Ra1 Bxg7 35. fxg7 Rxg7 36. Ra8+ Ke7 37. Rb8 Rg4 38. Rb6 Rd4 39. c3 1-0


[Site "https://www.chess.com"]

[Event "Titled Tuesday Blitz November 07 Early 2023"]
[White "Silvestre, Christian"]
[Black "Yeletsky, Ivan"]
[WhiteFideId "30956269"]
[BlackFideId "24180327"]
[WhiteElo "2206"]
[BlackElo "2931"]
[Result "0-1"]
[Round "7"]
[TimeControl "180+1"]
[Date "2023.11.07"]
[WhiteClock "0:00:01"]
[BlackClock "0:00:17"]
[Board "63"]

1. e4 Nf6 2. Nc3 d6 3. g3 c6 4. Bg2 b5 5. d3 e5 6. h3 Nbd7 7. Nge2 b4 8. Nb1 a5 9. O-O Be7 10. a3 Ba6 11. axb4 axb4 12. Be3 O-O 13. Nd2 h6 14. Nf3 d5 15. Nh4 Re8 16. Nf5 Bf8 17. Re1 Kh7 18. g4 g6 19. Nfg3 Bc5 20. Bxc5 Nxc5 21. b3 dxe4 22. Nxe4 Nfxe4 23. dxe4 Qf6 24. Ng3 Rad8 25. Qf3 Qxf3 26. Bxf3 Rd2 27. Red1 Rxc2 28. Rdc1 Rxc1+ 29. Rxc1 Nxb3 30. Rxc6 Bb5 31. Rb6 Nd4 32. Bd1 Kg7 33. Nf1 Re6 34. Rb8 Ra6 35. Ne3 Ra1 36. Kg2 Bc6 37. f3 b3 38. Kg3 Rb1 39. Rb6 b2 40. Ba4 Bxa4 41. Nd5 Rg1+ 42. Kf2 b1=Q 43. Rxb1 Rxb1 44. Nc3 Rb2+ 45. Ne2 Nxe2 46. g5 hxg5 47. Ke3 Nf4 48. h4 Re2# 0-1


[Site "https://www.chess.com"]

[Event "Titled Tuesday Blitz November 07 Early 2023"]
[White "Harsh Suresh"]
[Black "Arabidze, Meri"]
[WhiteFideId "45018464"]
[BlackFideId "13604040"]
[WhiteElo "2923"]
[BlackElo "2633"]
[Result "1-0"]
[Round "7"]
[TimeControl "180+1"]
[Date "2023.11.07"]
[WhiteClock "0:00:19"]
[BlackClock "0:00:00"]
[Board "64"]

1. d4 Nf6 2. c4 e6 3. g3 Bb4+ 4. Nd2 c5 5. a3 Bxd2+ 6. Qxd2 cxd4 7. Nf3 Nc6 8. Nxd4 d5 9. Bg2 O-O 10. O-O Ne5 11. cxd5 exd5 12. b3 Bg4 13. Bb2 a6 14. h3 Bh5 15. f4 Ng6 16. g4 Bxg4 17. hxg4 Nxg4 18. Nf3 Re8 19. Bd4 Nh4 20. e3 Nf5 21. Rfe1 Ng3 22. Ne5 Qh4 23. Nxg4 Qxg4 24. Qd1 Qg6 25. Rc1 h5 26. Kh2 Nf5 27. Qf3 Re4 28. Qh3 Re7 29. Be5 Nh6 30. Bf3 Ng4+ 31. Bxg4 hxg4 32. Qg3 f6 33. Bd4 Kf7 34. Rh1 Rh8+ 35. Kg1 Rxh1+ 36. Kxh1 Re8 37. Kg1 Rh8 38. Qg2 Qf5 39. Rc7+ Kg6 40. Qc2 Qxc2 41. Rxc2 Kf5 42. Rc7 Ke4 43. Kg2 Re8 44. Rxg7 f5 45. Rxb7 Rc8 46. Re7+ Kd3 47. Re5 Rc2+ 48. Kg3 Rc1 49. Rxf5 Rg1+ 50. Kf2 Rb1 51. Rxd5 Rxb3 52. a4 Ra3 53. Ra5 Ra2+ 54. Kg3 Ke4 55. Rxa6 1-0


[Site "https://www.chess.com"]

[Event "Titled Tuesday Blitz November 07 Early 2023"]
[White "Baskakov, Egor"]
[Black "Souleidis, Georgios"]
[WhiteFideId "24197866"]
[BlackFideId "4206827"]
[WhiteElo "2904"]
[BlackElo "2610"]
[Result "1-0"]
[Round "7"]
[TimeControl "180+1"]
[Date "2023.11.07"]
[WhiteClock "0:00:13"]
[BlackClock "0:00:16"]
[Board "65"]

1. e4 c5 2. Nf3 e6 3. Be2 d5 4. exd5 exd5 5. d4 Nf6 6. O-O Nc6 7. c4 Be7 8. Nc3 cxd4 9. Nxd4 Nxd4 10. Qxd4 dxc4 11. Qxd8+ Bxd8 12. Bxc4 O-O 13. Bf4 Bf5 14. Rfe1 Bb6 15. Be3 Bxe3 16. Rxe3 Rfe8 17. Rae1 Kf8 18. f3 Rxe3 19. Rxe3 Rc8 20. Bb3 Rd8 21. Kf2 h5 22. Re5 g6 23. Ke3 Nd7 24. Ra5 a6 25. Kf4 Nf6 26. Rc5 Rd7 27. h3 Ke7 28. g4 hxg4 29. fxg4 Be6 30. Bxe6 Kxe6 31. Re5+ Kd6 32. h4 Rc7 33. Ne4+ Nxe4 34. Rxe4 Rc2 35. Rb4 b5 36. h5 gxh5 37. gxh5 Kc5 38. Rb3 Rh2 39. Kg4 f5+ 40. Kg5 f4 41. Rf3 b4 42. a3 a5 43. axb4+ axb4 44. b3 Kb5 45. Rxf4 Rh3 46. h6 Rg3+ 47. Rg4 Rh3 48. Rh4 Rg3+ 49. Kf4 Rg8 50. h7 Rh8 51. Kf5 1-0


[Site "https://www.chess.com"]

[Event "Titled Tuesday Blitz November 07 Early 2023"]
[White "Golubev, Mikhail"]
[Black "AlmasRakhmatullaev"]
[WhiteFideId "14100983"]
[WhiteElo "2608"]
[BlackElo "2875"]
[Result "1-0"]
[Round "7"]
[TimeControl "180+1"]
[Date "2023.11.07"]
[WhiteClock "0:00:10"]
[BlackClock "0:00:16"]
[Board "66"]

1. e4 e5 2. Nf3 Nf6 3. Nc3 Nc6 4. d4 Bb4 5. Nxe5 Qe7 6. Qd3 Nxd4 7. Qxd4 Bc5 8. Qd3 Qxe5 9. Be3 Bxe3 10. Qxe3 d6 11. O-O-O Bd7 12. f4 Qa5 13. e5 dxe5 14. fxe5 Ng4 15. Qg3 Be6 16. Rd4 h5 17. h3 h4 18. Qf4 Nh6 19. Qxh4 O-O 20. Bd3 c5 21. Ra4 Qc7 22. Re1 a6 23. Rf4 b5 24. Rf6 c4 25. Rxh6 gxh6 26. Qxh6 f6 27. Re3 Bg4 28. Rg3 f5 29. Bxf5 Qxe5 30. Rxg4+ Kf7 31. Qg6+ Ke7 32. Re4 Rxf5 33. Qxf5 1-0


[Site "https://www.chess.com"]

[Event "Titled Tuesday Blitz November 07 Early 2023"]
[White "Timofeev, Artyom"]
[Black "Perdomo, Carlos Andres"]
[WhiteFideId "4140419"]
[BlackFideId "4400852"]
[WhiteElo "2839"]
[BlackElo "2608"]
[Result "1-0"]
[Round "7"]
[TimeControl "180+1"]
[Date "2023.11.07"]
[WhiteClock "0:00:41"]
[BlackClock "0:00:04"]
[Board "67"]

1. c4 c5 2. Nf3 Nf6 3. Nc3 e6 4. e4 d6 5. d4 cxd4 6. Nxd4 a6 7. g3 b6 8. Bg2 Bb7 9. O-O Qc7 10. Be3 Nbd7 11. Rc1 Rc8 12. b3 Be7 13. h3 Nc5 14. Qc2 Qb8 15. Rfe1 Qa8 16. Bd2 O-O 17. a4 Rfd8 18. Kh2 Bf8 19. Bg5 Ncd7 20. Qb1 h6 21. Bd2 Ne5 22. Rcd1 Nc6 23. Nc2 Nd7 24. f4 Nc5 25. Be3 Nd7 26. Bg1 Qb8 27. Qb2 Ba8 28. Ne3 Nb4 29. Qd2 Nc5 30. Ng4 a5 31. f5 exf5 32. exf5 Nxb3 33. Qe2 Bxg2 34. Qxg2 Rxc4 35. Nb5 Rc2 36. Re2 Rxe2 37. Qxe2 Nc5 38. f6 g6 39. Qe3 Kh7 40. Qf4 h5 41. Nf2 Re8 42. Qf3 Re6 43. h4 Qe8 44. Nh3 Qd7 45. Ng5+ Kg8 46. Nxe6 Qxe6 47. Bxc5 bxc5 48. Qf2 d5 49. Re1 Qg4 50. Re8 Nd3 51. Qe3 c4 52. Rxf8+ Kxf8 53. Qe7+ Kg8 54. Qe8+ 1-0


[Site "https://www.chess.com"]

[Event "Titled Tuesday Blitz November 07 Early 2023"]
[White "Pendos666"]
[Black "Pesotskiy, Mikhail"]
[BlackFideId "34164453"]
[WhiteElo "2821"]
[BlackElo "2608"]
[Result "1-0"]
[Round "7"]
[TimeControl "180+1"]
[Date "2023.11.07"]
[WhiteClock "0:01:34"]
[BlackClock "0:00:13"]
[Board "68"]

1. e4 e6 2. d4 d5 3. Nd2 Nf6 4. e5 Nfd7 5. c3 c5 6. f4 Nc6 7. Ndf3 Qb6 8. h4 cxd4 9. cxd4 Bb4+ 10. Kf2 f6 11. Kg3 O-O 12. Nh3 Be7 13. Bd3 Rf7 14. a3 Nf8 15. b4 Bd7 16. Be3 Rc8 17. Qd2 a5 18. b5 Na7 19. a4 Bb4 20. Qe2 Be8 21. Rhc1 f5 22. Rxc8 Nxc8 23. Bd2 Bxd2 24. Qxd2 Rc7 25. Rc1 Bh5 26. Nhg1 h6 27. Rc3 Ne7 28. Qc1 Rxc3 29. Qxc3 Nd7 30. Ne2 Bxf3 31. Kxf3 Qd8 32. h5 b6 33. g4 fxg4+ 34. Kxg4 Nf8 35. Ng3 g6 36. Qc2 Kf7 37. hxg6+ Nexg6 38. Qh2 Qc7 39. Qxh6 Qc3 40. Bxg6+ Nxg6 41. Qh7+ Kf8 42. Qxg6 1-0


[Site "https://www.chess.com"]

[Event "Titled Tuesday Blitz November 07 Early 2023"]
[White "Materia, Marco"]
[Black "Tasev, Dejan"]
[WhiteFideId "45150451"]
[BlackFideId "936618"]
[WhiteElo "2802"]
[BlackElo "2606"]
[Result "1-0"]
[Round "7"]
[TimeControl "180+1"]
[Date "2023.11.07"]
[WhiteClock "0:01:14"]
[BlackClock "0:00:00"]
[Board "69"]

1. d4 Nf6 2. c4 e6 3. Nf3 d5 4. Nc3 Be7 5. Bg5 O-O 6. e3 c6 7. Qc2 Nbd7 8. Rd1 a6 9. cxd5 exd5 10. Bd3 Re8 11. O-O Nf8 12. Ne5 g6 13. f4 Ne6 14. Bxf6 Bxf6 15. f5 Ng7 16. fxg6 fxg6 17. e4 Bxe5 18. dxe5 Be6 19. exd5 cxd5 20. Kh1 Rc8 21. Qf2 Qg5 22. Qd4 Rcd8 23. Rf6 Nh5 24. Rf2 Rf8 25. Rxf8+ Kxf8 26. Qb6 Nf4 27. Rf1 Kg8 28. Rxf4 1-0


[Site "https://www.chess.com"]

[Event "Titled Tuesday Blitz November 07 Early 2023"]
[White "GatoRojo150"]
[Black "Yeremyan_ChessMate"]
[WhiteElo "2601"]
[BlackElo "2771"]
[Result "0-1"]
[Round "7"]
[TimeControl "180+1"]
[Date "2023.11.07"]
[WhiteClock "0:00:00"]
[BlackClock "0:01:27"]
[Board "70"]

1. e4 Nf6 2. e5 Nd5 3. d4 d6 4. Bc4 Nb6 5. Bb3 g6 6. Nf3 Bg7 7. Ng5 d5 8. Qf3 O-O 9. h4 f6 10. exf6 Bxf6 11. Qd1 e5 12. dxe5 Bxe5 13. Nc3 c6 14. h5 Bf5 15. hxg6 Bxg6 16. Qg4 Qf6 17. Nxh7 Qxf2+ 18. Kd1 Qf5 19. Qxf5 Rxf5 20. Ng5 N8d7 21. Be3 Re8 22. Kd2 Bxc3+ 23. bxc3 Rxe3 24. Kxe3 Rxg5 25. a4 a5 26. Kf4 Rf5+ 27. Kg4 Ne5+ 28. Kh4 Nbd7 29. Raf1 Rh5+ 30. Kg3 Rg5+ 31. Kh3 Be4 32. Rhg1 Kg7 33. g4 Nf6 34. Rg3 Nfxg4 35. Rfg1 Bf5 36. Kg2 Kf6 0-1


[Site "https://www.chess.com"]

[Event "Titled Tuesday Blitz November 07 Early 2023"]
[White "Liyanage, Ranindu Dilshan"]
[Black "Streltsov, Alexey"]
[WhiteFideId "9915834"]
[BlackFideId "24104434"]
[WhiteElo "2769"]
[BlackElo "2596"]
[Result "1-0"]
[Round "7"]
[TimeControl "180+1"]
[Date "2023.11.07"]
[WhiteClock "0:00:08"]
[BlackClock "0:00:13"]
[Board "71"]

1. c4 e6 2. Nf3 d5 3. g3 Nf6 4. Bg2 dxc4 5. Qa4+ Nbd7 6. Qxc4 a6 7. Qb3 c5 8. a4 Qc7 9. O-O b6 10. d4 Bb7 11. Bf4 Bd6 12. Bxd6 Qxd6 13. Rd1 O-O 14. Nc3 Rac8 15. Rac1 cxd4 16. Rxd4 Qc5 17. Rcd1 Ne5 18. Nxe5 Bxg2 19. Kxg2 Qxe5 20. Qxb6 Rb8 21. Qxa6 Rxb2 22. R1d3 h5 23. h3 Rc2 24. Qb5 Qc7 25. Qb3 Rc1 26. Qb2 Qc6+ 27. f3 Re1 28. a5 Qc5 29. a6 e5 30. Na4 Qa7 31. Qd2 Rb1 32. Qc2 Ra1 33. Rd1 exd4 34. Rxa1 Qxa6 35. Qb2 Nd5 36. Qxd4 Qxe2+ 37. Qf2 Ne3+ 38. Kg1 Qd3 39. Re1 Nf5 40. Nc5 Qc3 41. Ne4 h4 42. g4 Qe5 43. gxf5 Qxf5 44. Qg2 g6 45. Qg4 Qe5 46. Qxh4 Kg7 47. Qg3 Qd4+ 48. Qf2 Qe5 49. Rb1 Rh8 50. Qb2 Qxb2 51. Rxb2 Rxh3 52. Kg2 Rh5 53. Ng3 Ra5 54. f4 Ra4 55. Rf2 f6 56. Kf3 g5 57. f5 Ra3+ 58. Kg2 Ra5 59. Rd2 Ra7 60. Kh3 Re7 61. Kg4 Ra7 62. Kh5 Rc7 63. Rd6 Re7 64. Re6 Ra7 65. Ne4 Rf7 66. Nd6 Rd7 67. Ne8+ Kf7 68. Nxf6 Rd1 69. Ng4 Rg1 70. Kxg5 Rf1 71. Ra6 Re1 72. Ra7+ Kf8 73. Kf6 Re8 74. Rh7 Kg8 75. Rh3 Ra8 76. Kg6 Ra4 77. Nf6+ Kf8 78. Rh8+ Ke7 79. Re8+ Kd6 80. Re6+ Kc5 81. Re1 Ra1 82. Rxa1 1-0


[Site "https://www.chess.com"]